Map: Odyssey LE

Players

Seamonsta

  • Race: Zerg Zerg
  • League: Diamond
  • Spawn Location: 11:00

Nepheneexv - Winner!

  • Race: Protoss Protoss
  • League: Platinum
  • Spawn Location: 5:00

VOD

Have the link to the VOD?

Description

Time

  • Played on: Dec. 3, 2017, 2:41 p.m.
  • Length: 16:36
Show
View Real Time Build Order
Export as new Build Order

Seamonsta Zerg 

Build Orders: Hatch First 

Get SALT Encoding   

  12  0:01  Drone  
  13  0:12  Overlord  
  13  0:16  Drone  
  14  0:30  Drone  
  14  0:31  Drone  
  14  0:34  Drone  
  17  0:52  Hatchery  
  17  0:55  Drone  
  17  0:59  Drone  
  18  1:09  Extractor  
  17  1:14  Spawning Pool  
  17  1:18  Drone  
  17  1:20  Drone  
  18  1:27  Overlord  
  18  1:40  Drone  
  19  2:01  Queen  
  21  2:19  Pneumatized Carapace  
  21  2:20  Hatchery  
  21  2:22  Drone x3  
  23  2:24  Drone  
  24  2:35  Drone x3  
  27  2:45  Queen  
  27  2:51  Metabolic Boost  
  29  3:03  Roach Warren  
  28  3:06  Extractor  
  27  3:13  Queen  
  29  3:29  Zergling x12  
  29  3:32  Drone  
  36  3:49  Queen  
  36  3:50  Queen  
  36  3:54  Lair  
  40  4:02  Drone x2  
  42  4:03  Overlord  
  42  4:17  Overlord  
  42  4:21  Extractor, Drone  
  42  4:22  Drone  
  43  4:24  Evolution Chamber  
  42  4:31  Overlord  
  42  4:32  Drone x3  
  45  4:42  Extractor  
  44  4:55  Roach x6  
  56  5:02  Overlord  
  56  5:03  Drone  
  56  5:05  Overlord  
  57  5:10  Drone  
  57  5:11  Drone  
  59  5:14  Glial Reconstitution  
  59  5:19  Zerg Missile Weapons Level 1  
  59  5:21  Drone  
  60  5:24  Drone  
  60  5:25  Drone  
  62  5:28  Drone  
  62  5:30  Drone  
  62  5:32  Drone  
  62  5:34  Drone  
  66  5:40  Roach x2  
  70  5:44  Drone x2  
  70  5:48  Zergling x4  
  70  5:49  Drone  
  75  5:54  Drone  
  75  5:56  Drone, Hydralisk Den  
  76  5:58  Drone  
  76  5:59  Drone  
  76  6:01  Drone  
  76  6:02  Drone  
  80  6:04  Drone  
  80  6:06  Drone  
  79  6:28  Muscular Augments  
  79  6:31  Baneling Nest  
  78  6:35  Hatchery  
  77  6:44  Hydralisk x2  
  77  6:46  Overlord x5  
  77  6:47  Overlord  
  81  6:51  Overlord x2  
  81  6:58  Extractor  
  80  7:05  Zergling x2  
  80  7:06  Zergling x26  
  94  7:14  Zergling x8  
  98  7:16  Roach  
  82  7:40  Zergling x2  
  82  7:41  Zergling x18  
  77  7:51  Zergling x4  
  77  8:04  Zergling x4  
  69  8:17  Roach x2  
  69  8:19  Drone  
  73  8:25  Roach  
  71  8:30  Hatchery  
  71  8:33  Roach  
  71  8:34  Roach  
  74  8:41  Hatchery  
  74  8:46  Hydralisk x2  
  77  8:52  Hydralisk x4  
  85  9:04  Hydralisk x4  
  85  9:07  Drone  
  85  9:08  Centrifical Hooks  
  85  9:09  Spire, Zergling x2  
  94  9:11  Baneling x2  
  94  9:18  Hydralisk x2  
  94  9:21  Spine Crawler  
  94  9:22  Spine Crawler  
  94  9:24  Spore Crawler, Queen, Roach x3  
  101  9:27  Queen  
  101  9:29  Zergling x6  
  108  9:32  Hydralisk  
  110  9:41  Zergling x2  
  110  9:44  Baneling x2  
  110  9:45  Zergling x4  
  113  9:46  Drone  
  114  9:54  Hydralisk x6  
  126  10:02  Hydralisk x3  
  132  10:07  Overlord  
  132  10:09  Drone x2  
  132  10:13  Zerg Ground Armor Level 1  
  134  10:20  Drone x2  
  136  10:27  Mutalisk  
  136  10:28  Mutalisk  
  140  10:30  Drone x2  
  140  10:31  Drone x2  
  141  11:10  Queen  
  143  11:14  Overlord  
  143  11:15  Overlord x2  
  143  11:28  Infestation Pit  
  143  11:32  Queen x2  
  142  11:36  Mutalisk x5  
  142  11:37  Mutalisk  
  159  11:40  Drone x2, Hatchery  
  120  12:21  Zergling x34  
  120  12:22  Zergling x6  
  140  12:26  Zerg Melee Weapons Level 1  
  140  12:29  Hive  
  140  12:34  Drone x2  
  140  12:36  Drone  
  143  12:41  Baneling x6  
  143  12:42  Baneling x10  
  143  12:43  Zergling x2  
  143  12:44  Zergling x8  
  148  12:50  Hatchery  
  147  12:52  Overlord  
  147  12:54  Zergling x6  
  147  12:56  Drone  
  147  12:57  Drone  
  152  12:59  Drone  
  152  13:01  Extractor  
  152  13:02  Evolution Chamber  
  152  13:05  Drone  
  152  13:11  Queen  
  154  13:14  Spore Crawler  
  154  13:16  Spine Crawler  
  154  13:18  Zergling x16  
  160  13:32  Hydralisk x5  
  168  13:46  Overlord  
  168  13:47  Overlord  
  166  13:52  Baneling x19  
  166  14:03  Greater Spire  
  166  14:04  Queen  
  166  14:05  Queen  
  170  14:29  Drone x2  
  170  14:30  Drone x3  
  175  14:32  Baneling x3  
  175  14:33  Drone x2  
  175  14:38  Spore Crawler  
  173  14:51  Spore Crawler  
  121  15:07  Zergling x44  
  121  15:08  Zergling x6  
  133  15:22  Zergling x14  
  122  15:41  Corruptor x7  
  115  15:47  Zergling x2  
  75  16:07  Corruptor x7  
Show
View Real Time Build Order
Export as new Build Order

Nepheneexv Protoss - Winner!

Build Orders: Nexus First 

Get SALT Encoding   

  12  0:01  Probe  
  13  0:13  Probe  
  14  0:25  Probe  
  14  0:26  Pylon  
  15  0:44  Probe  
  16  0:56  Probe  
  17  1:03  Nexus  
  17  1:08  Probe  
  18  1:14  Gateway  
  18  1:20  Probe  
  19  1:29  Pylon  
  19  1:32  Probe  
  20  1:42  Forge  
  20  1:50  Gateway  
  20  1:54  Probe  
  21  2:02  Zealot  
  23  2:11  Probe  
  24  2:21  Photon Cannon  
  24  2:23  Probe  
  24  2:27  Probe  
  26  2:35  Probe  
  27  2:39  Probe, Cybernetics Core  
  28  2:48  Probe  
  29  2:51  Assimilator, Probe  
  29  2:53  Assimilator x2  
  30  3:00  Probe  
  30  3:03  Probe  
  32  3:12  Probe  
  33  3:15  Probe  
  34  3:24  Probe  
  34  3:25  Warp Gate (Chrono Boost)  
  35  3:28  Adept  
  35  3:29  Probe (Chrono Boost), Adept  
  40  3:36  Probe (Chrono Boost)  
  40  3:37  Assimilator  
  40  3:41  Probe (Chrono Boost)  
  42  3:43  Pylon  
  42  3:44  Pylon  
  42  3:48  Probe x2 (Chrono Boost)  
  44  3:50  Probe, Protoss Ground Weapons Level 1 (Chrono Boost)  
  44  3:54  Probe  
  46  4:01  Stalker x2  
  46  4:02  Probe  
  51  4:06  Probe  
  52  4:14  Probe, Robotics Facility  
  52  4:15  Gateway  
  52  4:16  Gateway  
  53  4:23  Gateway  
  53  4:27  Probe x2  
  55  4:41  Pylon  
  55  5:13  Immortal (Chrono Boost)  
  59  5:18  Pylon  
  59  5:20  Pylon  
  59  5:38  Nexus  
  59  5:40  Pylon  
  59  5:43  Pylon  
  59  5:45  Stalker x4  
  59  5:49  Sentry  
  69  5:53  Immortal (Chrono Boost)  
  73  6:00  Probe x2  
  75  6:12  Probe x2  
  75  6:15  Stalker x5  
  87  6:22  Warp Prism (Chrono Boost)  
  87  6:24  Probe (Chrono Boost)  
  90  6:33  Probe (Chrono Boost)  
  90  6:36  Probe (Chrono Boost), Protoss Ground Armor Level 1 (Chrono Boost)  
  90  6:39  Stalker x5  
  102  6:43  Pylon  
  102  6:48  Pylon  
  102  6:49  Probe  
  102  6:50  Observer  
  104  7:17  Warp Prism  
  104  7:21  Stalker x2  
  104  7:22  Stalker x3  
  100  7:44  Probe x3  
  96  7:50  Zealot x5  
  103  7:56  Probe x2  
  95  8:12  Immortal  
  97  8:17  Stalker x2  
  97  8:18  Stalker x3  
  99  8:40  Probe x2  
  99  8:41  Probe  
  102  8:43  Zealot x5, Assimilator  
  102  8:44  Assimilator  
  112  8:52  Probe  
  112  8:53  Probe x2  
  115  9:04  Zealot x2  
  115  9:05  Zealot  
  121  9:14  Photon Cannon  
  121  9:17  Photon Cannon  
  121  9:18  Photon Cannon  
  121  9:22  Stalker  
  121  9:23  Stalker, Photon Cannon  
  125  9:38  Gateway  
  125  9:39  Pylon, Gateway  
  125  9:40  Pylon  
  125  9:41  Gateway  
  125  9:43  Robotics Bay  
  125  9:44  Pylon  
  125  9:50  Zealot x3  
  131  9:58  Nexus  
  125  10:00  Pylon  
  125  10:01  Pylon  
  125  10:04  Zealot x2  
  127  10:11  Protoss Shields Level 1  
  127  10:12  Twilight Council  
  127  10:18  Stalker x3  
  133  10:32  Probe x3  
  136  10:38  Shield Battery  
  136  10:44  Probe  
  136  10:45  Shield Battery  
  136  10:46  Shield Battery  
  136  10:49  Zealot x2  
  141  10:50  Zealot x3  
  133  11:18  Disruptor (Chrono Boost)  
  136  11:21  Robotics Bay  
  136  11:24  Forge  
  136  11:28  Robotics Facility  
  136  11:44  Disruptor (Chrono Boost)  
  139  11:47  Stalker x5  
  139  11:48  Stalker x3  
  111  12:12  Protoss Ground Weapons Level 2 (Chrono Boost)  
  101  12:19  Stalker x2, Colossus (Chrono Boost)  
  114  12:34  Probe x3, Protoss Ground Armor Level 2 (Chrono Boost)  
  114  12:36  Disruptor (Chrono Boost)  
  117  12:42  Extended Thermal Lance (Chrono Boost)  
  117  12:46  Probe x3  
  120  12:52  Colossus (Chrono Boost), Disruptor (Chrono Boost)  
  120  12:53  Stalker  
  120  12:54  Stalker x6  
  120  12:55  Stalker  
  145  12:58  Probe x2  
  145  12:59  Probe  
  148  13:06  Gateway  
  148  13:10  Probe x2  
  150  13:18  Zealot x2  
  150  13:19  Zealot x5  
  170  13:22  Colossus (Chrono Boost)  
  170  13:23  Assimilator  
  170  13:26  Assimilator  
  170  13:32  Charge (Chrono Boost)  
  176  13:36  Pylon, Colossus (Chrono Boost)  
  172  13:47  Stalker x2  
  172  13:48  Stalker x2  
  179  13:49  Stalker x3  
  185  13:57  Protoss Ground Weapons Level 3 (Chrono Boost)  
  185  14:01  Disruptor  
  188  14:20  Zealot x2, Disruptor  
  195  14:25  Pylon  
  153  15:12  Zealot  
  153  15:13  Zealot x5  
  165  15:14  Zealot  
  165  15:15  Zealot  
  140  15:51  Stalker  
  140  15:52  Stalker x7  
  156  16:02  Disruptor x2 (Chrono Boost)  
  168  16:36  Stalker x4  
Tags
 
Add a new tag
Caveats
  • Supply blocks, unpowered buildings, or Contaminate may cause inaccurate times.
  • Supply counts are checked every 10 seconds.